[Event "Titled Tuesday Blitz November 08 Early 2022"]
[White "Mouhamad, Joachim"]
[Black "Gareyev, Timur"]
[WhiteFideId "656410"]
[BlackFideId "14200937"]
[WhiteElo "2164"]
[BlackElo "2552"]
[Result "1-0"]
[Round "07"]
[TimeControl "180+1"]
[Date "2022.11.09"]
[WhiteClock "0:00:20"]
[BlackClock "0:00:03"]

1. e4 g6 2. d4 d6 3. Nc3 a6 4. Nf3 b5 5. Bd3 Bg7 6. a3 Nd7 7. O-O c5 8. Re1 cxd4 9. Ne2 Qb6 10. c3 dxc3 11. Nxc3 Bb7 12. Nd5 Qd8 13. Bg5 Bxd5 14. exd5 Bxb2 15. Ra2 Bf6 16. Rae2 Kf8 17. Bc1 Kg7 18. h4 h5 19. Ng5 Ne5 20. Bb1 Rc8 21. Bb2 Rc4 22. Ne4 Qb6 23. Bd3 Nxd3 24. Nxf6 exf6 25. Qxd3 Rxh4 26. Qf3 Qc5 27. Re8 1-0


[Site "https://www.chess.com"]

[Event "Titled Tuesday Blitz November 08 Early 2022"]
[White "Muminova, Nafisa"]
[Black "Gritsenko, Nikolai"]
[WhiteFideId "14201526"]
[BlackFideId "14112493"]
[WhiteElo "2258"]
[BlackElo "2389"]
[Result "0-1"]
[Round "07"]
[TimeControl "180+1"]
[Date "2022.11.09"]
[WhiteClock "0:00:10"]
[BlackClock "0:00:15"]

1. e4 d5 2. exd5 Nf6 3. Nc3 Nxd5 4. Bc4 c6 5. Nf3 Bf5 6. O-O e6 7. d3 Be7 8. Ne4 O-O 9. Ng3 Bg6 10. Bb3 Nd7 11. c3 Rc8 12. Qe2 Re8 13. Re1 c5 14. Bd2 a6 15. Rad1 b5 16. Bc1 Bd6 17. Ne4 Bb8 18. Bg5 Qc7 19. h4 h6 20. Bc1 Ne5 21. Ng3 Nxd3 22. Bxd5 Nxe1 23. Rxe1 exd5 24. Qxe8+ Rxe8 25. Rxe8+ Kh7 26. h5 Bb1 27. Ne2 Qb7 28. Bf4 Bxf4 29. Nxf4 Qd7 30. Re1 Bxa2 31. Ne5 Qf5 32. g3 d4 33. cxd4 cxd4 34. Nf3 d3 35. Re8 Bd5 36. Nh4 d2 37. Nxf5 d1=Q+ 38. Kh2 Qh1# 0-1


[Site "https://www.chess.com"]

[Event "Titled Tuesday Blitz November 08 Early 2022"]
[White "Namitbir Singh Walia"]
[Black "Besedes, Danilo"]
[WhiteFideId "35071068"]
[BlackFideId "946796"]
[WhiteElo "2239"]
[BlackElo "2352"]
[Result "1/2-1/2"]
[Round "07"]
[TimeControl "180+1"]
[Date "2022.11.09"]
[WhiteClock "0:00:05"]
[BlackClock "0:00:03"]

1. e4 d6 2. d4 g6 3. Nc3 Bg7 4. f4 c6 5. a4 d5 6. e5 h5 7. Nf3 Nh6 8. Bd3 Bf5 9. Ne2 Bxd3 10. Qxd3 e6 11. Be3 Nf5 12. Bf2 Nd7 13. g3 a6 14. Kf1 Rc8 15. Kg2 c5 16. c3 cxd4 17. cxd4 Nb6 18. b3 Bf8 19. h3 Bb4 20. g4 Ne7 21. Bh4 Qd7 22. Bf6 Rg8 23. Rac1 Rc6 24. Ng3 Qc8 25. Ne2 Nd7 26. Bg5 Rh8 27. Kf2 Qc7 28. Rxc6 Nxc6 29. gxh5 Rxh5 30. h4 Rh8 31. Ng3 Be7 32. Bxe7 Nxe7 33. h5 gxh5 34. Rxh5 Rxh5 35. Nxh5 Nf5 36. Ng3 Nxg3 37. Kxg3 Qc1 38. Qh7 Nf8 39. Qg7 Qc2 40. Ng5 Qd3+ 41. Kg4 Qf5+ 42. Kg3 Ng6 43. Qf6 Qxf6 44. exf6 Nf8 45. f5 b5 46. axb5 axb5 47. Kf4 exf5 48. Kxf5 Nd7 49. Nf3 Kd8 50. Ne5 Ke8 51. Nd3 Nb6 52. Ke5 Kd7 53. Nb4 Kd8 54. Nxd5 Nd7+ 55. Kf5 Nb8 56. Nb4 Kd7 57. d5 Kd6 58. Nd3 Kxd5 59. Ne5 Kc5 60. Nxf7 Nd7 61. Ne5 Nxf6 62. Kxf6 Kb4 63. Nc6+ Kxb3 64. Nd4+ Kc4 65. Nxb5 1/2-1/2


[Site "https://www.chess.com"]

[Event "Titled Tuesday Blitz November 08 Early 2022"]
[White "Odegov, Artem"]
[Black "Melikhov, Evgeny V."]
[WhiteFideId "34183644"]
[BlackFideId "4122046"]
[WhiteElo "2298"]
[BlackElo "2169"]
[Result "1-0"]
[Round "07"]
[TimeControl "180+1"]
[Date "2022.11.09"]
[WhiteClock "0:01:27"]
[BlackClock "0:00:06"]

1. d4 Nf6 2. c4 e6 3. Nf3 d5 4. Nc3 Bb4 5. Bg5 h6 6. Bxf6 Qxf6 7. e3 O-O 8. Qb3 c5 9. Be2 Nc6 10. O-O cxd4 11. exd4 dxc4 12. Qxc4 Qe7 13. d5 Na5 14. Qe4 exd5 15. Qxe7 Bxe7 16. Nxd5 Bd8 17. Rac1 Be6 18. Rfd1 Nc6 19. b3 Rc8 20. h3 Ne7 21. Nf4 Rxc1 22. Rxc1 Bd7 23. Ne5 Be8 24. Bf3 Nc6 25. Nxc6 bxc6 26. Bxc6 Bg5 27. Bxe8 Rxe8 28. Rc4 Re1+ 29. Kh2 Ra1 30. a4 Rb1 31. b4 Be7 32. Nd5 Bd6+ 33. g3 a6 34. Kg2 Ra1 35. b5 axb5 36. axb5 Rb1 37. b6 Be5 38. Rb4 Rxb4 39. Nxb4 Kf8 40. Nc6 Bd6 41. b7 Ke8 42. b8=Q+ Bxb8 43. Nxb8 Ke7 44. Nc6+ Kd6 45. Nd4 1-0


[Site "https://www.chess.com"]

[Event "Titled Tuesday Blitz November 08 Early 2022"]
[White "Orlov, Georgi"]
[Black "Seletsky, Grigory"]
[WhiteFideId "2011271"]
[BlackFideId "14112191"]
[WhiteElo "2568"]
[BlackElo "2492"]
[Result "1-0"]
[Round "07"]
[TimeControl "180+1"]
[Date "2022.11.09"]
[WhiteClock "0:01:14"]
[BlackClock "0:01:14"]

1. d4 d6 2. c4 e5 3. Nf3 e4 4. Ng5 f5 5. Nc3 Be7 6. Nh3 Nf6 7. Nf4 g5 8. Nfd5 Nxd5 9. Nxd5 c6 10. Nxe7 Qxe7 11. h4 g4 12. Bg5 Qf7 13. e3 h5 14. Qb3 Nd7 15. Qa3 Qg6 16. Bf4 Ke7 17. Be2 b6 18. b4 Bb7 19. b5 cxb5 20. cxb5 Rhc8 21. O-O Qe6 22. Rfc1 Qd5 23. Qb4 Rxc1+ 24. Rxc1 Rc8 25. Bc4 Nf6 26. Bxd5 Rxc1+ 27. Kh2 Bxd5 28. Qxd6+ Kf7 29. Bg5 g3+ 30. Kxg3 Be6 31. Bxf6 Kxf6 32. d5 1-0


[Site "https://www.chess.com"]

[Event "Titled Tuesday Blitz November 08 Early 2022"]
[White "Ovchinnikov, Vsevolod"]
[Black "Yuan, Qingyu"]
[WhiteFideId "24176842"]
[BlackFideId "8609772"]
[WhiteElo "2376"]
[BlackElo "2359"]
[Result "1-0"]
[Round "07"]
[TimeControl "180+1"]
[Date "2022.11.09"]
[WhiteClock "0:00:07"]
[BlackClock "0:00:04"]

1. d4 d5 2. c4 e6 3. Nf3 Nf6 4. g3 dxc4 5. Bg2 c5 6. O-O Nc6 7. Qa4 Bd7 8. Qxc4 b5 9. Qd3 c4 10. Qd1 Rc8 11. a3 Be7 12. Nc3 Na5 13. Ne5 O-O 14. e4 Be8 15. Be3 Nd7 16. Nf3 Nb3 17. Rb1 Nb6 18. d5 exd5 19. exd5 Nc5 20. Nd4 a6 21. Nc6 Bxc6 22. dxc6 Nd3 23. Qg4 Bf6 24. Bxb6 Qxb6 25. Nd5 Qd8 26. c7 Qd6 27. Be4 Nc5 28. Bf3 Be5 29. Rfd1 g6 30. Qg5 Ne6 31. Qh6 Qc5 32. Kg2 Bg7 33. Qh4 Rfe8 34. Bg4 f5 35. Bf3 Nxc7 36. Nb4 Qe7 37. Qf4 Be5 38. Qe3 Qf6 39. Nc6 Bd6 40. Qd4 Qxd4 41. Rxd4 Bc5 42. Rd7 Ne6 43. Rbd1 Bf8 44. Bd5 Kh8 45. Na7 Rcd8 46. Bxe6 Ra8 47. Bd5 Rab8 48. Nc6 Rbc8 49. Rd2 Bg7 50. h4 Ra8 51. Rc2 Rac8 52. Bf3 Rf8 53. Nb4 a5 54. Nc6 Rfe8 55. Nxa5 Re6 56. Nc6 Bf6 57. Nb4 Rb6 58. Nd5 Re6 59. Nxf6 Rxf6 60. Rb7 Rc5 61. Rd2 Rf8 62. Rdd7 Rc7 63. Rdxc7 1-0


[Site "https://www.chess.com"]

[Event "Titled Tuesday Blitz November 08 Early 2022"]
[White "Ozen, Bahadir"]
[Black "Kollars, Dmitrij"]
[WhiteFideId "6337058"]
[BlackFideId "12909572"]
[WhiteElo "2503"]
[BlackElo "2584"]
[Result "1-0"]
[Round "07"]
[TimeControl "180+1"]
[Date "2022.11.08"]
[WhiteClock "0:00:45"]
[BlackClock "0:00:09"]

1. g3 d5 2. Nf3 Bg4 3. Bg2 c6 4. h3 Bh5 5. O-O Nd7 6. d3 Ngf6 7. Qe1 e5 8. e4 Be7 9. Nh4 O-O 10. Nf5 Re8 11. Nxe7+ Qxe7 12. Nc3 Qd6 13. Kh1 Nc5 14. Bg5 dxe4 15. dxe4 h6 16. Be3 Ne6 17. f4 exf4 18. gxf4 Qb4 19. e5 Nd7 20. Ne4 Qxb2 21. Nd6 Re7 22. Qg3 Qxc2 23. f5 Ng5 24. Bxg5 hxg5 25. Qxg5 f6 26. Qxh5 Nxe5 27. Rad1 Rd8 28. Ne4 Rd3 29. Rg1 Kf8 30. Qh8+ Kf7 31. Nd6+ Rxd6 32. Rxd6 Qxf5 33. Rd8 Ke6 34. Qg8+ Rf7 35. Qe8+ Re7 36. Qg8+ Rf7 37. Rgd1 Nc4 38. Re8# 1-0


[Site "https://www.chess.com"]

[Event "Titled Tuesday Blitz November 08 Early 2022"]
[White "Padmini, Rout"]
[Black "Kowalczyk, Pawel"]
[WhiteFideId "5029295"]
[BlackFideId "1130641"]
[WhiteElo "2296"]
[BlackElo "2324"]
[Result "0-1"]
[Round "07"]
[TimeControl "180+1"]
[Date "2022.11.09"]
[WhiteClock "0:00:03"]
[BlackClock "0:02:02"]

1. e4 c5 2. Nf3 e6 3. d4 cxd4 4. Nxd4 Qb6 5. Nc3 Bc5 6. Na4 Qa5+ 7. c3 Bxd4 8. Qxd4 Nf6 9. Nc5 O-O 10. Qd6 Ne8 11. Qd4 Nc6 12. Qe3 Nf6 13. Nb3 Qh5 14. Bd3 d5 15. exd5 exd5 16. O-O Re8 17. Qg3 Bf5 18. Bxf5 Qxf5 19. Qf4 Qg6 20. f3 Re2 21. Qg3 Rae8 22. Qxg6 hxg6 23. Rb1 Rc2 24. Bd2 a5 25. Rfd1 d4 26. Nxd4 Nxd4 27. cxd4 Re2 28. Bf4 Rxg2+ 29. Kh1 Nd5 30. Bd6 Rxb2 31. Rxb2 Rxb2 32. Rc1 f6 33. Rc8+ Kf7 34. Rd8 Rxa2 35. h4 a4 36. Bg3 Ne3 37. Rd7+ Kg8 38. Rxb7 a3 39. Bd6 Ra1+ 40. Kh2 a2 41. Ra7 Nf5 42. Bc5 Nxh4 0-1


[Site "https://www.chess.com"]

[Event "Titled Tuesday Blitz November 08 Early 2022"]
[White "Pajeken, Jakob Leon"]
[Black "Fernandez De La Vara, Arnaldo"]
[WhiteFideId "12942839"]
[BlackFideId "3518388"]
[WhiteElo "2429"]
[BlackElo "2387"]
[Result "0-1"]
[Round "07"]
[TimeControl "180+1"]
[Date "2022.11.09"]
[WhiteClock "0:00:02"]
[BlackClock "0:01:07"]

1. d4 c5 2. e4 cxd4 3. Nf3 Nf6 4. e5 Nd5 5. c4 Nb4 6. Be2 d6 7. exd6 Qxd6 8. O-O d3 9. Be3 dxe2 10. Qxe2 Qd3 11. Qxd3 Nxd3 12. Nc3 e6 13. Nb5 Na6 14. b3 Bc5 15. Bg5 f6 16. Rad1 Ndb4 17. Bd2 Nxa2 18. Ra1 N2b4 19. Bxb4 Bxb4 20. Rxa6 bxa6 21. Nc7+ Kd7 22. Nxa8 Bb7 23. Rd1+ Kc8 24. Ra1 a5 25. Nd4 Re8 26. Nb5 Bxa8 27. c5 Re7 28. Nd6+ Kc7 29. Rc1 a6 30. g3 Bd5 31. f4 Kc6 32. Kf2 Bxc5+ 0-1


[Site "https://www.chess.com"]

[Event "Titled Tuesday Blitz November 08 Early 2022"]
[White "Pakleza, Zbigniew"]
[Black "Artemiev, Vladislav"]
[WhiteFideId "1119290"]
[BlackFideId "24101605"]
[WhiteElo "2411"]
[BlackElo "2802"]
[Result "1/2-1/2"]
[Round "07"]
[TimeControl "180+1"]
[Date "2022.11.08"]
[WhiteClock "0:00:06"]
[BlackClock "0:00:04"]

1. d4 d5 2. Bf4 c5 3. c3 e6 4. e3 Nf6 5. Nd2 Bd6 6. Bg3 Qc7 7. Ngf3 Nbd7 8. Be2 O-O 9. c4 Bxg3 10. hxg3 dxc4 11. Nxc4 b6 12. Rc1 Bb7 13. O-O Rfd8 14. Qb3 Rac8 15. Rfd1 Qb8 16. Qa3 Bd5 17. Nce5 Nxe5 18. Nxe5 cxd4 19. exd4 Rc7 20. Rc3 Ne4 21. Rxc7 Qxc7 22. Bd3 h6 23. b4 Ba8 24. Bxe4 Bxe4 25. Qe3 Bd5 26. Rc1 Qb7 27. a3 Rc8 28. Rxc8+ Qxc8 29. f3 h5 30. Kh2 Qc2 31. Qf4 f6 32. Nd7 Qc8 33. Qd6 Kf7 34. b5 Ke8 35. Nb8 Qd8 36. Qxd8+ Kxd8 37. Na6 Bc4 38. Nb4 Bxb5 39. Kh3 a5 40. Nc2 Bd3 41. Ne3 b5 42. Kh4 g6 43. d5 Ke7 44. g4 hxg4 45. Kxg4 b4 46. dxe6 bxa3 47. Nd5+ Kxe6 48. Nc3 Kd6 49. Kf4 Kc5 50. Ke3 Kc4 51. Kd2 Bf5 52. g4 Bd7 53. Kc2 Kd4 54. Ne4 f5 55. Nf6 fxg4 56. fxg4 Be6 57. g5 Ke5 58. Nh7 Kf5 59. Nf8 Bf7 60. Nxg6 a4 61. Ne7+ Kxg5 62. Kb1 Kf6 63. Nc6 Kf5 64. Nb4 Ke4 65. Nc2 a2+ 66. Kb2 Kd3 67. Nb4+ Kd2 68. Nxa2 a3+ 69. Kxa3 1/2-1/2


[Site "https://www.chess.com"]

[Event "Titled Tuesday Blitz November 08 Early 2022"]
[White "Paravyan, David"]
[Black "Tang, Andrew"]
[WhiteFideId "4194985"]
[BlackFideId "2059630"]
[WhiteElo "2546"]
[BlackElo "2581"]
[Result "0-1"]
[Round "07"]
[TimeControl "180+1"]
[Date "2022.11.08"]
[WhiteClock "0:00:04"]
[BlackClock "0:00:10"]

1. e4 e5 2. Nf3 Nc6 3. Nc3 Nf6 4. d4 exd4 5. Nxd4 Bb4 6. Nxc6 bxc6 7. Bd3 O-O 8. O-O d5 9. exd5 cxd5 10. Bg5 c6 11. Qf3 h6 12. Bxf6 Qxf6 13. Qxf6 gxf6 14. Ne2 Bd6 15. Nd4 c5 16. Nf5 Bxf5 17. Bxf5 Be5 18. Rab1 a5 19. b3 a4 20. Rbd1 Rfd8 21. g3 Bc3 22. Rd3 d4 23. Rf3 c4 24. bxc4 Rab8 25. Rd1 a3 26. c5 Kg7 27. c6 Rdc8 28. Bxc8 Rxc8 29. Rf5 Rxc6 30. Rb5 Kg6 31. Kf1 Rc7 32. Ke2 Bb2 33. Kd2 Bc3+ 34. Kd3 Bb2 35. Rb3 Kg5 36. h3 f5 37. f4+ Kg6 38. Re1 Rc6 39. Re5 Rc8 40. Re7 Rc6 41. Re8 Kg7 42. Re5 Rg6 43. Kc4 Rc6+ 44. Rc5 Re6 45. Rxf5 Re2 46. Kd3 Re3+ 47. Kd2 Bc3+ 48. Rxc3 Rxc3 49. g4 Rxh3 50. Rd5 Rg3 51. Rxd4 Rxg4 52. Ra4 h5 53. Rxa3 Rxf4 54. Ke2 h4 55. Rf3 Ra4 56. a3 Kg6 57. Kf2 f5 58. Kg2 Kg5 59. Rb3 Rc4 60. c3 Re4 61. Rb2 Re3 62. Rc2 Kg4 63. a4 f4 64. c4 h3+ 65. Kh2 f3 66. Rc1 Re2+ 67. Kh1 Kg3 68. Rg1+ Rg2 0-1


[Site "https://www.chess.com"]

[Event "Titled Tuesday Blitz November 08 Early 2022"]
[White "Parpiev, Isaak"]
[Black "Gonzalez, Francisco Silva"]
[WhiteFideId "34281576"]
[BlackFideId "1512285"]
[WhiteElo "2094"]
[BlackElo "2159"]
[Result "1-0"]
[Round "07"]
[TimeControl "180+1"]
[Date "2022.11.09"]
[WhiteClock "0:00:11"]
[BlackClock "0:00:45"]

1. e4 e5 2. Nf3 Nc6 3. Nc3 Nf6 4. Be2 Bb4 5. Nd5 Nxe4 6. Nxb4 Nxb4 7. Nxe5 Qe7 8. Nf3 d5 9. O-O O-O 10. d4 Bg4 11. h3 Bh5 12. c3 Nc6 13. Be3 a6 14. a4 b6 15. Re1 Qd6 16. Qc1 Na5 17. Qc2 Bg6 18. Qd1 c5 19. Ne5 c4 20. Bf4 Qd8 21. Bf3 f5 22. h4 Qxh4 23. g3 Qd8 24. Bg2 Nb3 25. Ra3 Re8 26. Rxb3 cxb3 27. Qxb3 Kh8 28. Bf3 Rc8 29. Kg2 Nf6 30. Rh1 Kg8 31. Bg5 Bf7 32. Nxf7 Kxf7 33. Bxf6 Kxf6 34. Rxh7 Re4 35. Bxe4 fxe4 36. Qd1 Qe8 37. Qg4 Qg6 38. Qxc8 Qxh7 39. Qc6+ Ke7 40. Qc7+ Kf8 41. Qd8+ Kf7 42. Qxd5+ Kf8 43. Qd6+ Kf7 44. Qxb6 Qf5 45. Qc7+ Kg6 46. Qd6+ Kh7 47. Qf4 Qd5 48. Qh4+ Kg6 49. Kh2 Kf5 50. Qh5+ g5 51. Qh7+ Kg4 52. Qh3+ Kf3 53. Kg1 Ke2 54. Qg4+ Kd2 55. Kh2 Kd3 56. Qd1+ Kc4 57. Qe2+ Kb3 58. Kg1 Kxa4 59. Qxa6+ Kb3 60. Qe2 Ka4 61. Qd2 Kb3 62. Qe2 Ka4 63. Qd1+ Kb5 64. b3 Kb6 65. c4 Qf5 66. d5 Kc5 67. Qd2 Qf3 68. Qe3+ Qxe3 69. fxe3 Kb4 70. d6 Kxb3 71. Kf2 Kxc4 72. d7 g4 73. d8=Q Kc3 74. Qg5 Kd2 75. Qxg4 Kd3 76. Qf4 Kd2 77. Qxe4 Kc3 78. Qd4+ Kc2 79. g4 1-0


[Site "https://www.chess.com"]

[Event "Titled Tuesday Blitz November 08 Early 2022"]
[White "Paszewski, Mateusz"]
[Black "Liyanage, Ranindu Dilshan"]
[WhiteFideId "1141058"]
[BlackFideId "9915834"]
[WhiteElo "2263"]
[BlackElo "2210"]
[Result "1-0"]
[Round "07"]
[TimeControl "180+1"]
[Date "2022.11.09"]
[WhiteClock "0:00:11"]
[BlackClock "0:00:10"]

1. Nf3 Nf6 2. c4 e6 3. Nc3 d5 4. e3 c5 5. cxd5 exd5 6. d4 Nc6 7. Bb5 cxd4 8. Nxd4 Bd7 9. O-O Bd6 10. b3 Qe7 11. Nf3 Be6 12. Bb2 O-O 13. Rc1 Rfd8 14. Ne2 Rac8 15. Ng3 Bg4 16. Be2 Ne4 17. Nd4 Nxd4 18. Qxd4 Qg5 19. Bxg4 Rxc1 20. Rxc1 Qxg4 21. f3 Qg5 22. fxe4 dxe4 23. Qxe4 h5 24. Rf1 Bc5 25. Nf5 Bf8 26. Qf4 Qg6 27. Nh4 Qe6 28. Nf5 Qg6 29. h3 Rd2 30. Rf2 Rd1+ 31. Kh2 Rd5 32. e4 Rd1 33. Be5 f6 34. Bb8 Qe8 35. Qg3 Qxe4 36. Nh6+ Kh7 37. Nf5 Qe1 38. Qf3 Qh1+ 39. Kg3 Qe1 40. Qxh5+ Kg8 41. Nh6+ gxh6 42. Qg6+ Bg7 43. Qf5 Rd8 44. Bxa7 Re8 45. Bd4 h5 46. Qg6 Rf8 47. Kh2 Qe6 48. Qf5 Qd6+ 49. Qf4 Qd5 50. Bc3 Re8 51. Qc4 Qxc4 52. bxc4 Rc8 53. Bxf6 Bxf6 54. Rxf6 Rxc4 55. Rb6 Rc7 56. a4 Kh7 57. Kg3 Kg7 58. Kh4 Rc4+ 59. Kxh5 Rxa4 60. Rxb7+ Kf6 61. g4 Ra3 62. h4 Ra5+ 63. g5+ Kf5 64. Rf7+ Ke6 65. Rf1 Ke7 66. Kh6 Ra4 67. h5 Ra8 68. g6 Rh8+ 69. Kg5 Ke6 70. g7 Rf8 71. gxf8=Q 1-0


[Site "https://www.chess.com"]

[Event "Titled Tuesday Blitz November 08 Early 2022"]
[White "Perez Gormaz, Matias"]
[Black "Zemlyanskii, Ivan"]
[WhiteFideId "3406342"]
[BlackFideId "24249971"]
[WhiteElo "2341"]
[BlackElo "2107"]
[Result "1-0"]
[Round "07"]
[TimeControl "180+1"]
[Date "2022.11.09"]
[WhiteClock "0:00:09"]
[BlackClock "0:00:01"]

1. e4 c5 2. Nf3 d6 3. Bb5+ Nd7 4. c4 Nf6 5. Nc3 e6 6. O-O Be7 7. d3 O-O 8. h3 Nb6 9. Be3 a6 10. Ba4 Nxa4 11. Qxa4 Bd7 12. Qd1 b5 13. b3 Bc6 14. Re1 Qc7 15. Rc1 Qb7 16. Qc2 Rac8 17. Ne2 d5 18. cxd5 exd5 19. e5 Nd7 20. d4 c4 21. Bg5 Ba3 22. Rb1 Bb4 23. Red1 h6 24. Bh4 Ba5 25. Ng3 g6 26. e6 Nb8 27. e7 Rfe8 28. Ne5 Rxe7 29. Bxe7 Qxe7 30. Rbc1 Qf6 31. Ng4 Qg7 32. Qe2 Re8 33. Qf3 Nd7 34. bxc4 bxc4 35. Rb1 h5 36. Ne3 Nf6 37. Nxc4 Ba4 38. Nxa5 Bxd1 39. Rxd1 h4 40. Nf1 Ne4 41. Ne3 Rd8 42. Nc6 Rd6 43. Ne7+ Kh8 44. N7xd5 f5 45. Nf4 Ng5 46. Qa8+ Kh7 47. d5 Ne4 48. Qe8 Qb2 49. Qf7+ Kh6 50. Qf8+ Kh7 51. Qe7+ Kg8 52. Nd3 Qxa2 53. Rc1 Qa4 54. Rc8+ 1-0


[Site "https://www.chess.com"]

[Event "Titled Tuesday Blitz November 08 Early 2022"]
[White "Perez Ponsa, Federico"]
[Black "Le, Tuan Minh"]
[WhiteFideId "117927"]
[BlackFideId "12401153"]
[WhiteElo "2606"]
[BlackElo "2530"]
[Result "0-1"]
[Round "07"]
[TimeControl "180+1"]
[Date "2022.11.08"]
[WhiteClock "0:01:21"]
[BlackClock "0:00:19"]

1. e4 c5 2. Nf3 Nf6 3. e5 Nd5 4. Nc3 e6 5. Ne4 f5 6. Nc3 Nb4 7. d4 cxd4 8. Nxd4 N8c6 9. Nf3 Qa5 10. a3 Nxe5 11. Be2 Nbc6 12. O-O Nxf3+ 13. Bxf3 Be7 14. Bh5+ g6 15. Bf3 O-O 16. Bh6 Rf7 17. Nd5 Bf8 18. b4 Qd8 19. Bf4 d6 20. Re1 e5 21. Be3 Be6 22. c4 e4 23. Be2 Ne5 24. Rc1 g5 25. Bh5 Rd7 26. Bd4 Bg7 27. Rc3 Rc8 28. Be2 Bxd5 29. cxd5 Rxc3 30. Bxc3 Nf3+ 31. gxf3 Bxc3 32. Rf1 exf3 33. Bxf3 g4 34. Bg2 Qf6 35. Qd3 Re7 36. Rc1 Bd4 37. Rd1 Bb6 38. a4 a6 39. a5 Ba7 40. Kf1 Qe5 41. h3 Kg7 42. Rc1 Bxf2 43. hxg4 fxg4 44. Rc4 Qe1# 0-1


[Site "https://www.chess.com"]

[Event "Titled Tuesday Blitz November 08 Early 2022"]
[White "Pinheiro, Iung Alicio de O."]
[Black "Tohirjonova, Hulkar"]
[WhiteFideId "2104350"]
[BlackFideId "14202247"]
[WhiteElo "2283"]
[BlackElo "2144"]
[Result "1-0"]
[Round "07"]
[TimeControl "180+1"]
[Date "2022.11.09"]
[WhiteClock "0:00:08"]
[BlackClock "0:00:01"]

1. d4 Nf6 2. c4 e6 3. g3 Be7 4. Bg2 O-O 5. Nf3 d5 6. Qc2 b6 7. Ne5 Bb7 8. Qa4 c5 9. dxc5 Bxc5 10. O-O Nbd7 11. Nxd7 Nxd7 12. cxd5 exd5 13. Nc3 Ne5 14. Rd1 Qf6 15. Bf4 g5 16. Bxe5 Qxe5 17. Bxd5 Rab8 18. Qxa7 Bxd5 19. Rxd5 Qf6 20. e3 h6 21. Rad1 Rfe8 22. Qd7 Rbd8 23. Qxd8 Rxd8 24. Rxd8+ Kg7 25. R8d7 Qf3 26. Rc7 h5 27. Rdd7 Kg6 28. Rxf7 Qg4 29. Kg2 h4 30. h3 Qh5 31. Rg7+ 1-0


[Site "https://www.chess.com"]

[Event "Titled Tuesday Blitz November 08 Early 2022"]
[White "Pranav, V"]
[Black "Piesik, Piotr"]
[WhiteFideId "25060783"]
[BlackFideId "1136194"]
[WhiteElo "2954"]
[BlackElo "2730"]
[Result "1-0"]
[Round "07"]
[TimeControl "180+1"]
[Date "2022.11.09"]
[WhiteClock "0:00:05"]
[BlackClock "0:00:18"]

1. e4 g6 2. d4 Bg7 3. Nc3 c6 4. Bg5 d5 5. e5 f6 6. exf6 exf6 7. Be3 Ne7 8. Qf3 Nf5 9. O-O-O Nxe3 10. Qxe3+ Kf7 11. h3 h5 12. Kb1 Bh6 13. Qf3 Nd7 14. h4 Nb6 15. Be2 Re8 16. Qg3 Bf5 17. Bd3 Bxd3 18. Qxd3 Nc4 19. b3 Nd6 20. Nge2 Qd7 21. Ng3 Re7 22. Rde1 Rae8 23. Rxe7+ Rxe7 24. Kb2 Qg4 25. a3 Bf4 26. Nge2 Bh6 27. g3 Qf5 28. Rd1 Qxd3 29. cxd3 Nf5 30. Kc2 Bf8 31. Re1 Re6 32. b4 Bd6 33. Kd2 g5 34. hxg5 fxg5 35. Nd1 h4 36. g4 Ne7 37. Ne3 Ng6 38. Nf5 Bf4+ 39. Kd1 Bc7 40. Rh1 Nf4 41. Nxf4 Bxf4 42. f3 Kf6 43. Rh3 Re8 44. Rh1 a5 45. bxa5 Ra8 46. Kc2 Rxa5 47. Kb3 Ra8 48. a4 Re8 49. Kc3 Re2 50. Nxh4 gxh4 51. Rxh4 Re7 52. Rh5 Kg6 53. Rh8 Rf7 54. Rg8+ Kf6 55. a5 Bc7 56. g5+ Kf5 57. Kb4 Bd6+ 58. Kc3 Rd7 59. Kb3 Kf4 60. Kc3 Kxf3 61. g6 Kf4 62. g7 Kg5 63. a6 bxa6 64. Kb3 Kg6 65. Rc8 Kxg7 66. Rxc6 a5 67. Ka4 Bb4 68. Re6 Kf7 69. Rh6 Rc7 70. Rh7+ Ke6 71. Rxc7 Kf5 72. Kb5 Kf4 73. Kc6 Ke3 74. Kxd5 Kxd3 75. Rh7 a4 76. Rh3+ Kc2 77. Kc4 Bd2 78. d5 Bc1 79. Rh2+ Kb1 80. d6 a3 81. d7 Bg5 82. Kb3 1-0


[Site "https://www.chess.com"]

[Event "Titled Tuesday Blitz November 08 Early 2022"]
[White "Prohorov, Olexandr"]
[Black "Gheorghiu, Calin"]
[WhiteFideId "14105578"]
[BlackFideId "1200305"]
[WhiteElo "1993"]
[BlackElo "2225"]
[Result "0-1"]
[Round "07"]
[TimeControl "180+1"]
[Date "2022.11.09"]
[WhiteClock "0:00:03"]
[BlackClock "0:01:14"]

1. Nf3 Nf6 2. d4 e6 3. c4 c5 4. g3 cxd4 5. Nxd4 Nc6 6. Bg2 Qb6 7. e3 Bb4+ 8. Nc3 d5 9. cxd5 Nxd5 10. Bxd5 exd5 11. O-O Bxc3 12. bxc3 O-O 13. Ba3 Re8 14. Rb1 Qd8 15. Nxc6 bxc6 16. Qd4 Re4 17. Qd2 Qf6 18. f3 Re8 19. Bc5 Ba6 20. Rf2 Rab8 21. Re1 Rb7 22. Bd4 Qg6 23. f4 Bd3 24. Qd1 Reb8 25. Qa4 Rb1 26. Rd1 Rxd1+ 27. Qxd1 Rb1 0-1


[Site "https://www.chess.com"]

[Event "Titled Tuesday Blitz November 08 Early 2022"]
[White "Pultinevicius, Paulius"]
[Black "Noboa Silva, Kevin"]
[WhiteFideId "12809390"]
[BlackFideId "3618471"]
[WhiteElo "2493"]
[BlackElo "2178"]
[Result "1-0"]
[Round "07"]
[TimeControl "180+1"]
[Date "2022.11.09"]
[WhiteClock "0:00:06"]
[BlackClock "0:00:04"]

1. d4 e6 2. Nf3 Nf6 3. c3 b6 4. Bf4 Bb7 5. e3 c5 6. Nbd2 Be7 7. Bd3 a6 8. O-O cxd4 9. cxd4 O-O 10. a4 d6 11. Qe2 Nc6 12. Rfc1 Nb4 13. Bb1 Rc8 14. Bd3 Rxc1+ 15. Rxc1 Qa8 16. Bb1 Rc8 17. Qd1 h6 18. h3 Bd5 19. Rxc8+ Qxc8 20. e4 Bb7 21. Be3 d5 22. e5 Nd7 23. Nf1 a5 24. Qd2 Ba6 25. Ng3 Bf8 26. b3 Nc6 27. Nh5 Ne7 28. g4 Qc6 29. g5 hxg5 30. Bxg5 Nf5 31. Nh4 Bb4 32. Qf4 Qc3 33. Bxf5 exf5 34. Nxf5 Qe1+ 35. Kh2 Bd3 36. Nhg3 Be4 37. Nxe4 dxe4 38. Be7 Bxe7 39. Nxe7+ Kf8 40. Nf5 Qe2 41. e6 fxe6 42. Ng3+ Ke7 43. Nxe2 Nf6 44. Qc7+ Kf8 45. Nf4 Kg8 46. Nxe6 Nh5 47. Qe7 Kh7 48. Qf7 Kh6 49. d5 e3 50. fxe3 b5 51. axb5 a4 52. bxa4 g6 53. Qf8+ Kh7 54. Ng5# 1-0


[Site "https://www.chess.com"]

[Event "Titled Tuesday Blitz November 08 Early 2022"]
[White "Putnam, Liam"]
[Black "Jones, Gawain C B"]
[WhiteFideId "30938279"]
[BlackFideId "409561"]
[WhiteElo "2082"]
[BlackElo "2657"]
[Result "0-1"]
[Round "07"]
[TimeControl "180+1"]
[Date "2022.11.08"]
[WhiteClock "0:00:04"]
[BlackClock "0:01:14"]

1. d4 Nf6 2. c4 c5 3. d5 b5 4. cxb5 a6 5. bxa6 g6 6. Nc3 Bxa6 7. e4 Bxf1 8. Kxf1 d6 9. g3 Nbd7 10. Kg2 Bg7 11. Nf3 O-O 12. a4 Ra6 13. Qc2 Qa8 14. Ra3 Rb8 15. Nb5 Rb7 16. Re1 Nb6 17. b3 c4 18. bxc4 Nxa4 19. Be3 Nb6 20. Rea1 Rxa3 21. Rxa3 Qc8 22. Bxb6 Rxb6 23. Na7 Qc5 24. Qd3 Rb2 25. Qe3 Qxe3 26. Rxe3 Ng4 27. Ra3 Nxf2 28. Nc6 Nxe4+ 29. Kg1 Bf6 30. Re3 Ng5 31. Nxg5 Bxg5 32. Re1 Kf8 33. Ra1 Rc2 34. Ra8+ Kg7 35. Ra7 Be3+ 36. Kh1 Bxa7 37. Nxa7 Rxc4 38. Nc6 e5 39. Kg1 Kf6 0-1


[Site "https://www.chess.com"]